 Dungeon Crawl Stone Soup version 0.32-a0-131-g9dbbe29261 (webtiles) character file.

Game seed: 14203162826455808137

407 SigmundSlayer the Trooper (level 6, -11/49 HPs)
             Began as a Demonspawn Berserker on Feb 9, 2024.
             Was a Believer of Trog.
             Mangled by Dittersdorf's ghost (13 damage)
             ... on level 4 of the Dungeon.
             The game lasted 00:04:41 (3229 turns).

SigmundSlayer the Trooper (Demonspawn Berserker)    Turns: 3229, Time: 00:04:41

Health: -11/49     AC:  4    Str: 19    XL:     6   Next: 57%
Magic:  6/6        EV: 12    Int:  8    God:    Trog [**....]
Gold:   216        SH:  0    Dex: 12    Spells: 5/5 levels left

rFire   . .          .
                       - Unarmed
rCold   . . .        (no shield)
rNeg    . . .        c - +1 leather armour
rPois   .            (no helmet)
rElec   .            (no cloak)
rCorr   .            (no gloves)
SInv    .            (no boots)
Will    ++...        f - amulet of magic regeneration
Stlth   +            (no ring)
HPRegen 1.28/turn    (no ring)
MPRegen 0.50/turn

%: no passive effects
@: strong-willed (expiring), on berserk cooldown, regenerating (expiring),
slowed, very slow
A: hooves 1, powered by death 1
a: Renounce Religion, Berserk, Trog's Hand


You were on level 4 of the Dungeon.
You worshipped Trog.
Trog was pleased with you.
You visited 1 branch of the dungeon, and saw 4 of its levels.

You collected 216 gold pieces.

Inventory:

Armour
 c - a +1 leather armour (worn)
Jewellery
 f - an amulet of magic regeneration (around neck)
Scrolls
 a - 2 scrolls of revelation {unknown}
 e - 2 scrolls of identify {unknown}
 g - a scroll of enchant weapon
 h - a scroll of vulnerability
 i - a scroll of immolation {unknown}
 j - 2 scrolls of blinking
Potions
 b - 2 potions of curing {unknown}
 d - a potion of brilliance {unknown}
 k - a potion of ambrosia {unknown}
 l - a potion of attraction {unknown}


   Skills:
 + Level 4.5 Fighting
 - Level 3.0 Axes
 + Level 3.5 Armour
 + Level 3.4 Dodging
 + Level 2.5 Unarmed Combat


You had 5 spell levels left.
You didn't know any spells.
Your spell library was empty.

Dungeon Overview and Level Annotations

Branches:
Dungeon (4/15)
 Temple: D:4-7

Altars:
Ashenzari
Cheibriados
Okawaru
Ru
Sif Muna

Annotations:
D:4 Biggs's ghost, amateur KoMo; DeathSocks's ghost, amateur DsGl; Dittersdorf's ghost, novice GrFi; jasper's ghost, amateur DgBr


Innate Abilities, Weirdness & Mutations

You have large cloven feet.
You regenerate a little health from kills.


Message History

Dittersdorf's ghost completely misses you.
You hit Dittersdorf's ghost but do no damage.
You punch Dittersdorf's ghost, but do no damage.
Dittersdorf's ghost is lightly damaged.
DeathSocks's ghost hits you but does no damage.
Dittersdorf's ghost hits you but does no damage.
Jasper's ghost says, "Live by the sword, die by the sword."
You hit Dittersdorf's ghost but do no damage.
Your kick misses Dittersdorf's ghost.
Dittersdorf's ghost is lightly damaged.
You punch Dittersdorf's ghost! Your kick misses Dittersdorf's ghost.
Dittersdorf's ghost is heavily damaged.
DeathSocks's ghost hits you. Dittersdorf's ghost misses you.
You barely miss Dittersdorf's ghost.
Dittersdorf's ghost is heavily damaged.
You hit Dittersdorf's ghost but do no damage.
Your punch misses Dittersdorf's ghost.
Dittersdorf's ghost is heavily damaged.
Dittersdorf's ghost hits you!
* * * LOW HITPOINT WARNING * * *
DeathSocks's ghost hits you.
* * * LOW HITPOINT WARNING * * *
You hit Dittersdorf's ghost but do no damage.
You kick Dittersdorf's ghost, but do no damage.
Dittersdorf's ghost is heavily damaged.
You feel the effects of Trog's Hand fading.
Dittersdorf's ghost hits you!
* * * LOW HITPOINT WARNING * * *
DeathSocks's ghost hits you but does no damage.
You hit Dittersdorf's ghost but do no damage.
You kick Dittersdorf's ghost!
Dittersdorf's ghost is severely damaged.
You hit Dittersdorf's ghost but do no damage.
You kick Dittersdorf's ghost, but do no damage.
Dittersdorf's ghost is severely damaged.
You are no longer berserk.
You are exhausted.
You feel yourself slow down. DeathSocks's ghost closely misses you.
Dittersdorf's ghost hits you!
You die...

######## .######## #......#
........##############......#
.....................'......#
..#####.##############......#
#........###### #......#
#...#.......... #.(....#
#.#.###.#..#.###### #.#....#
........#..#WW@######
#.#....#
#..####....#.W##.ß.!##
#.#....#
#..####.#......#....ß#
#.#....#
#.............W#......
#......'
##.....#.##.....W.....♣
###....#
......#)####...'.....⌠ +....+
#>....#.# ##..'.....♣ #....#
#.....#.#####..#.....$ #....#
#.<...#........#....ß# #.....


You could see DeathSocks's ghost, Dittersdorf's ghost and jasper's ghost.

Vanquished Creatures
  A hound (D:4)
  3 jellies
  An iguana (D:4)
  Terence (D:2)
  Natasha (thrice) (D:2)
  8 adders
  2 dart slugs
  3 ribbon worms
  An orc (D:3)
  6 ball pythons
  6 bats
  12 endoplasms
  2 giant cockroaches
  5 goblins
  9 hobgoblins
  A quokka (D:1)
  9 frilled lizards
  15 kobolds
  7 rats
95 creatures vanquished.

Notes
Turn   | Place    | Note
-------+----------+-------------------------------------------
     0 | D:1      | SigmundSlayer the Demonspawn Berserker began the quest for
                  | the Orb.
     0 | D:1      | Reached XP level 1. HP: 18/18 MP: 1/1
   208 | D:1      | Gained mutation: You regenerate a little health from kills.
                  | [demonic ancestry]
   208 | D:1      | Reached XP level 2. HP: 24/24 MP: 2/2
   682 | D:1      | Discovered your monstrous ancestry.
   682 | D:1      | Gained mutation: You have large cloven feet. [demonic
                  | ancestry]
   682 | D:1      | Reached XP level 3. HP: 27/29 MP: 3/3
   763 | D:1      | Found a faded altar of an unknown god.
   845 | D:2      | Noticed Terence
   856 | D:2      | Killed Terence
   862 | D:2      | Reached ** piety under Trog
  1097 | D:2      | Noticed Natasha
  1108 | D:2      | Killed Natasha
  1109 | D:2      | Reached skill level 1 in Unarmed Combat
  1109 | D:2      | Reached XP level 4. HP: 21/36 MP: 4/4
  1243 | D:2      | Noticed Natasha
  1256 | D:2      | Killed Natasha
  1458 | D:2      | Reached XP level 5. HP: 42/42 MP: 5/5
  1489 | D:2      | Noticed Natasha
  1499 | D:2      | Killed Natasha
  1975 | D:3      | Reached skill level 4 in Fighting
  2601 | D:3      | Found a snail-covered altar of Cheibriados.
  2601 | D:3      | Found a sacrificial altar of Ru.
  2601 | D:3      | Found a shimmering blue altar of Sif Muna.
  2601 | D:3      | Found an iron altar of Okawaru.
  2601 | D:3      | Found an iron altar of Okawaru.
  2601 | D:3      | Found a broken altar of Ashenzari.
  2608 | D:3      | Reached XP level 6. HP: 48/48 MP: 6/6
  2731 | D:3      | Found a shimmering blue altar of Sif Muna.
  2993 | D:4      | Reached *** piety under Trog
  3066 | D:4      | Found a runed translucent gate.
  3067 | D:4      | Found a runed translucent gate.
  3074 | D:4      | Found a runed translucent gate.
  3113 | D:4      | Noticed Biggs's ghost (amateur KoMo)
  3114 | D:4      | Noticed Dittersdorf's ghost (novice GrFi)
  3115 | D:4      | Noticed DeathSocks's ghost (amateur DsGl)
  3135 | D:4      | Noticed jasper's ghost (amateur DgBr)
  3227 | D:4      | HP: 1/73 [Dittersdorf's ghost (15)]
  3229 | D:4      | Mangled by Dittersdorf's ghost

Illustrated notes

Levels and vault maps discovered:
D:1:      dpeg_arrival_tiny_a, layout_basic,
          shapermc_ecumenical_altar_mp_urbaneastern
D:2:      layout_basic, uniq_natasha, uniq_terence
D:3:      cheibrodos_fertilizer, layout_basic, nicolae_sif_muna_little_library,
          dreamdust_wishing_well, minmay_cut_off
D:4:      layout_basic, gammafunk_ghost_cemetery

Skill      XL: |  1  2  3  4  5 |
---------------+----------------+-----
Armour         | 2 3 |  3.5
Dodging        | 2 3 |  3.4
Axes           | 3 |  3.0
Unarmed Combat | 1 2 |  2.5
Fighting       | 4 |  4.5

Action                     |  1- 3 |  4- 6 || total
---------------------------+-------+-------++-------
  Melee: Hand axe          |    80 |       ||    80
         Punch             |     4 |    11 ||    15
         Unarmed           |    51 |   230 ||   281
         Kick              |    16 |    63 ||    79
 Invoke: Berserk           |     1 |     7 ||     8
         Trog's Hand       |       |     1 ||     1
    Use: Scroll            |     4 |     2 ||     6
         Potion            |     1 |       ||     1
   Stab: Sleeping          |     1 |       ||     1
 Armour: Animal skin       |    13 |       ||    13
         Leather armour    |    48 |   129 ||   177
  Dodge: Dodged            |    80 |   115 ||   195

Table legend: (Time is in decaauts)
 A = Elapsed time spent in this place.
 B = Non-inter-level travel time spent in this place.
 C = Inter-level travel time spent in this place.
 D = Time resting spent in this place.
 E = Time spent auto-exploring this place.
 F = Levels seen in this place.
 G = Mean time per level.
                   A        B        C        D        E       F      G
               +--------+--------+--------+--------+--------+-----+--------+
         Total |   3288 |   3223 |     65 |    559 |   1864 |   4 |  822.0 |
       Dungeon |   3288 |   3223 |     65 |    559 |   1864 |   4 |  822.0 |
               +--------+--------+--------+--------+--------+-----+--------+

Top non-repeatable levels by time:
     D:2: 1147 daAuts
     D:3: 931 daAuts
     D:1: 856 daAuts
     D:4: 352 daAuts
